 Dungeon Crawl Stone Soup version 0.24.0-37-gcf1ca852f1 (webtiles) character file.

Game seed: 6680300759816897129, levelgen mode: deterministic

2529 Delamore the Severer (level 9, -6/70 HPs)
             Began as a Hill Orc Fighter on Nov 29, 2019.
             Was a Believer of Okawaru.
             Mangled by an ogre
             ... wielding a +0 giant club
              (12 damage)
             ... on level 10 of the Dungeon.
             The game lasted 00:10:12 (6728 turns).

Delamore the Severer (Hill Orc Fighter)             Turns: 6728, Time: 00:10:14

Health: -6/70      AC: 12    Str: 24 (27) XL:     9   Next: 54%
Magic:  9/9        EV:  7    Int:  6 (8)  God:    Okawaru [**....]
Gold:   244        SH:  9    Dex:  7 (10) Spells: 8/8 levels left

rFire    + . .     SeeInvis .   a - +0 war axe
rCold    + + .     Gourm    .   c - +0 shield
rNeg     + . .     Faith    .   b - +0 scale mail
rPois    .         Spirit   .   k - +1 helmet
rElec    .         Reflect  .   F - scarf {rC+ rF+}
rCorr    .         Harm     .   g - +0 pair of gloves
MR       .....                  H - +1 pair of boots "Hufal" {rC+ rN+}
Stlth    ..........             (no amulet)
HPRegen  0.21/turn              (no ring)
MPRegen  0.11/turn              (no ring)

@: mighty, lethally poisoned (-6 -> -12)
A: no striking features
a: Heroism, Renounce Religion


You were on level 10 of the Dungeon.
You worshipped Okawaru.
Okawaru was pleased with you.
You were not hungry.

You visited 2 branches of the dungeon, and saw 9 of its levels.
You also visited: Sewer.

You collected 244 gold pieces.

Inventory:

Hand Weapons
 a - a +0 war axe (weapon)
 v - a +2 battleaxe of freezing
Missiles
 s - 50 poisoned darts
 A - 4 javelins (quivered)
Armour
 b - a +0 scale mail (worn)
 c - a +0 shield (worn)
 g - a +0 pair of gloves (worn)
 k - a +1 helmet (worn)
 F - a scarf of resistance (worn)
 H - the +1 pair of boots "Hufal" (worn) {rC+ rN+}
   (You found it on level 6 of the Dungeon)

   It protects you from cold.
   It protects you from negative energy.
Wands
 x - a wand of digging (5)
 y - a wand of iceblast (9)
 B - a wand of scattershot (3)
 G - a wand of flame (9)
Scrolls
 e - 6 scrolls of identify {unknown}
 h - 3 scrolls of enchant armour
 i - a scroll of magic mapping
 l - a scroll of random uselessness {unknown}
 n - a scroll of blinking {unknown}
 q - 2 scrolls of fear {unknown}
 t - 2 scrolls of remove curse {unknown}
 u - a scroll of amnesia {unknown}
 z - 2 scrolls of immolation {unknown}
 C - 2 scrolls of fog {unknown}
 D - 2 scrolls of teleportation {unknown}
 E - a scroll of enchant weapon {unknown}
Potions
 d - a potion of might
 j - a potion of degeneration
 m - a potion of cancellation {unknown}
 o - a potion of lignification {unknown}
 p - 2 potions of heal wounds {unknown}
 r - 4 potions of curing {unknown}
 w - 3 potions of flight {unknown}
Comestibles
 f - 12 rations


   Skills:
 - Level 3.6 Fighting
 + Level 15.5 Axes
 - Level 3.2 Armour
 - Level 3.2 Shields


You had 8 spell levels left.
You didn't know any spells.
Your spell library contained the following spells:

 Spells                   Type           Power        Failure   Level  Hunger
 Animate Skeleton         Necr           N/A          99%         1    ##.....
 Apportation              Tloc           #.....       99%         1    ##.....
 Confusing Touch          Hex            #.....       99%         1    ##.....
 Magic Dart               Conj           #...         99%         1    ##.....
 Summon Small Mammal      Summ           #...         99%         1    ##.....
 Blink                    Tloc           N/A          100%        2    ###....
 Call Imp                 Summ           #.......     100%        2    ###....
 Slow                     Hex            #.......     100%        2    ###....
 Conjure Flame            Conj/Fire      #.......     100%        3    ####...
 Mephitic Cloud           Conj/Pois/Air  #.......     100%        3    ####...


Dungeon Overview and Level Annotations

Branches:
Dungeon (7/15)             Temple (1/1) D:5           Sewer (visited)

Altars:
Cheibriados
Dithmenos
Elyvilon
Fedhas
Gozag
Kikubaaqudgha
Makhleb
Nemelex Xobeh
Okawaru
Ru
Uskayaw
Vehumet
Wu Jian
Xom
Yredelemnul
Zin
The Shining One

Shops:
D:4 *

Annotations:
D:3 1 runed translucent door, Crazy Yiuf


Message History

You block the troll's attack. x2; The troll claws you!
You feel sick.
A worker ant comes into view.
The big kobold throws a stone.
The stone hits you. The ogre hits you with a +0 giant club!
You block the crimson imp's attack. The troll bites you.
* * * LOW HITPOINT WARNING * * *
The troll claws you!
* * * LOW HITPOINT WARNING * * *
You block the troll's attack.
Things that are here:
a +0 shortbow; 24 arrows It was a potion of degeneration.
There was something very wrong with that liquid.
You feel weakened.
You feel dopey.
You feel clumsy.
* * * LOW HITPOINT WARNING * * *
You feel sick. You block the crimson imp's attack.
The troll bites you but does no damage. The troll closely misses you.
The troll claws you but does no damage. The ogre hits you with a +0 giant club!
You die...

.. .# # #. .#
#. .####. .#
..# ...#.
#.##... #...
....$$. #
#...#....... ..
#.#5........
...#.##@.....a#
......OKT.....#
......KKK......
.......(K...)##
.....KK....O.#
..........)....
........##K.[..
........# .##..
........# .# ..


You could see a troll, a big kobold, 2 ogres, a worker ant, a crimson imp and 7
kobolds.

Vanquished Creatures
  Pikel (D:6)
  Prince Ribbit (D:6)
  Menkaure (D:4)
  An ice beast (D:7)
  A sky beast (D:6)
  An ogre (D:6)
  A phantom (D:5)
  2 centaurs
  A big kobold (Sewer)
  Blork the orc (D:4)
  3 bullfrogs
  3 wights
  A howler monkey (D:4)
  2 crimson imps (D:5)
  2 bullfrog zombies (D:6)
  A bullfrog skeleton (D:5)
  2 hounds
  A centaur skeleton (D:6)
  6 orc wizards
  2 iguanas
  4 worker ants
  A hound zombie (D:6)
  Robin (D:4)
  8 adders
  A river rat (D:6)
  A shadow imp (D:7)
  An adder skeleton (D:4)
  5 worms
  4 dart slugs
  3 leopard geckos
  15 orcs
  4 bats
  4 giant cockroaches
  13 goblins
  8 hobgoblins
  9 jackals
  10 kobolds
  2 ball pythons
  5 frilled lizards
  A jackal skeleton (D:5)
  A leopard gecko skeleton (D:4)
  11 rats
146 creatures vanquished.

Vanquished Creatures (others)
  A quokka skeleton (D:6)
1 creature vanquished.

Grand Total: 147 creatures vanquished

Notes
Turn   | Place    | Note
-------+----------+-------------------------------------------
     0 | D:1      | Delamore the Hill Orc Fighter began the quest for the Orb.
     0 | D:1      | Reached XP level 1. HP: 19/19 MP: 1/1
    75 | D:1      | Reached skill level 3 in Axes
   124 | D:1      | Reached XP level 2. HP: 14/26 MP: 2/2
   139 | D:1      | Reached skill level 4 in Axes
   431 | D:1      | Reached XP level 3. HP: 30/31 MP: 3/3
   893 | D:1      | Reached skill level 5 in Axes
  1429 | D:2      | Reached XP level 4. HP: 39/39 MP: 4/4
  2030 | D:3      | Reached skill level 6 in Axes
  2087 | D:3      | Found a sparkling altar of Nemelex Xobeh.
  2492 | D:3      | Reached XP level 5. HP: 45/45 MP: 5/5
  2642 | D:3      | Found a runed translucent door.
  2643 | D:3      | Noticed Crazy Yiuf
  2932 | D:4      | Noticed Blork the orc
  2939 | D:4      | Killed Blork the orc
  2939 | D:4      | Reached skill level 7 in Axes
  3048 | D:4      | Noticed Menkaure
  3161 | D:4      | Killed Menkaure
  3161 | D:4      | Reached skill level 8 in Axes
  3161 | D:4      | Reached XP level 6. HP: 15/51 MP: 6/6
  3411 | D:4      | Noticed Robin
  3424 | D:4      | Reached skill level 9 in Axes
  3424 | D:4      | Killed Robin
  3469 | D:4      | Found Rihiumyk's General Store.
  3521 | D:4      | Found an opulent altar of Gozag.
  3549 | D:4      | You fall into a shaft and drop 1 floor!
  3549 | D:5      | Entered Level 5 of the Dungeon
  3549 | D:5      | Found a staircase to the Ecumenical Temple.
  3552 | D:5      | Reached XP level 7. HP: 57/57 MP: 7/7
  3562 | Temple   | Entered the Ecumenical Temple
  3809 | Temple   | Became a worshipper of Warmaster Okawaru
  4140 | D:5      | Reached skill level 10 in Axes
  4501 | D:5      | Found a burning altar of Makhleb.
  4660 | D:5      | Reached skill level 11 in Axes
  4666 | D:5      | Found a sacrificial altar of Ru.
  4747 | D:5      | Reached * piety under Okawaru
  5047 | D:6      | Reached XP level 8. HP: 60/64 MP: 8/8
  5127 | D:6      | Reached skill level 12 in Axes
  5204 | D:6      | Found a glowing drain.
  5212 | Sewer    | Entered a sewer
  5420 | Sewer    | Found a white marble altar of Elyvilon.
  5853 | D:6      | Reached skill level 13 in Axes
  6059 | D:6      | Reached ** piety under Okawaru
  6064 | D:6      | Noticed Prince Ribbit
  6077 | D:6      | Killed Prince Ribbit
  6077 | D:6      | Reached skill level 14 in Axes
  6077 | D:6      | Reached XP level 9. HP: 68/70 MP: 9/9
  6086 | D:6      | Noticed Pikel
  6102 | D:6      | Killed Pikel
  6144 | D:6      | Reached skill level 15 in Axes
  6391 | D:6      | Got a pair of polished boots
  6397 | D:6      | Identified the +1 pair of boots "Hufal" {rC+ rN+} (You
                  | found it on level 6 of the Dungeon)
  6720 | D:7      | You fall into a shaft and drop 3 floors!
  6720 | D:10     | Entered Level 10 of the Dungeon
  6720 | D:10     | Noticed a troll
  6728 | D:10     | Mangled by an ogre

Levels and vault maps discovered:
D:1:      sevenhm_arrival_forest_fort_large_4, layout_basic, bh_walls_and_bars
D:2:      layout_basic, minmay_misc_feat_rows, skrybe_limestone_x,
          serial_park_tiny_pond
D:3:      layout_loops_ring, first_ration, nemelex_diamond_rough_becter,
          uniq_crazy_yiuf_cottage
D:4:      layout_rooms, nicolae_gozag_seed_capital, serial_shops,
          nicolae_shop_window_shopping, uniq_robin, uniq_menkaure,
          uniq_blork_the_orc, uniq_grinder
D:5:      layout_basic, makhleb_blood_cavern_becter, minmay_temple_entry_wispy,
          hangedman_ru_absence
D:6:      layout_basic, lightli_sewer_entry_pipes, uniq_pikel,
          uniq_prince_ribbit1
D:7:      layout_rooms, nemelex_altar_shiori, lemuel_crystal_altar
D:10:     layout_rooms, lair_entry_dummy, david_orc_2, ebering_ghost_rock_garden
Temple:   minmay_temple_curvy_branch

Skill      XL: |  1  2  3  4  5  6  7  8  9 |
---------------+----------------------------+-----
Axes           | 3 4 5 6 8 9 11 14 15 | 15.5
Fighting       | |  3.6
Armour         | |  3.2
Shields        | |  3.2

Action                   |  1- 3 |  4- 6 |  7- 9 || total
-------------------------+-------+-------+-------++-------
Melee: War axe           |   104 |   154 |   331 ||   589
Throw: Javelin           |       |     9 |       ||     9
       Dart              |       |     1 |       ||     1
  Use: Scroll            |       |       |     2 ||     2
       Potion            |       |       |     2 ||     2
  Eat: Chunk             |     2 |     7 |    10 ||    19
Armor: Scale mail        |    40 |    72 |   138 ||   250
Dodge: Dodged            |    39 |    46 |    67 ||   152
Block: Shield            |    61 |    83 |   123 ||   267
